 Dungeon Crawl Stone Soup version 0.27-a0-679-g77a6b55cf3 (webtiles) character file.

Game seed: 16741730159470187475

1166 HoaS the Grappler (level 7, -3/48 (56) HPs)
             Began as a Demigod Gladiator on Mar 18, 2021.
             Slain by Duvessa
             ... wielding a +1 short sword of draining
              (5 damage)
             ... on level 6 of the Dungeon.
             The game lasted 00:10:49 (7606 turns).

HoaS the Grappler (Demigod Gladiator)               Turns: 7606, Time: 00:10:50

HP:   -3/48 (56)    AC: 14    Str: 29    XL:     7   Next: 96%
MP:   9/9           EV: 10    Int: 10    God:
Gold: 262           SH:  0    Dex: 15    Spells: 6/6 levels left

rFire    . . .     SeeInvis .     - Unarmed
rCold    . . .     Faith    .   (no shield)
rNeg     . . .     Spirit   .   e - +0 chain mail
rPois    .         Reflect  .   b - +1 helmet
rElec    .         Harm     .   n - scarf {+Inv}
rCorr    .         Rampage  .   (no gloves)
Will     .....                  (no boots)
Stlth    ..........             (no amulet)
HPRegen  0.16/turn              r - +6 ring of strength
MPRegen  0.11/turn              t - +4 ring of protection

@: heavily drained
A: high mp 1, forlorn
a: Evoke Invisibility


You were on level 6 of the Dungeon.
You visited 1 branch of the dungeon, and saw 6 of its levels.

You collected 262 gold pieces.

Inventory:

Missiles
 c - 2 throwing nets (quivered)
 k - 26 poisoned darts
 q - 5 boomerangs
 u - 3 boomerangs of dispersal
Armour
 b - a +1 helmet (worn)
 e - a +0 chain mail (worn)
 n - a scarf of invisibility (worn)
Jewellery
 h - a ring of ice
 r - a +6 ring of strength (right hand)
 s - a ring of poison resistance
 t - a +4 ring of protection (left hand)
Wands
 x - a wand of polymorph (2)
 y - a wand of iceblast (5)
Potions
 a - 2 potions of lignification
 d - a potion of resistance {unknown}
 f - 2 potions of brilliance {unknown}
 g - 2 potions of curing {unknown}
 i - 2 potions of flight {unknown}
 j - a potion of attraction {unknown}
 l - 2 potions of degeneration {unknown}
 m - 2 potions of heal wounds {unknown}
 o - a potion of ambrosia {unknown}
 p - a potion of might
 v - 2 potions of haste
 w - a potion of magic {unknown}


   Skills:
 + Level 2.4 Fighting
 - Level 1.7 Throwing
 + Level 1.3 Armour
 - Level 3.0 Dodging
 - Level 9.0 Unarmed Combat


You had 6 spell levels left.
You didn't know any spells.
Your spell library contained the following spells:

 Spells                   Type           Power      Damage    Failure   Level
 Shock                    Conj/Air       0%         1d3       91%         1
 Swiftness                Air            0%         N/A       97%         2
 Confusing Touch          Hex            0%         N/A       100%        3
 Gell's Gravitas          Tloc           0%         N/A       100%        3
 Static Discharge         Conj/Air       0%         N/A       100%        3
 Airstrike                Air            0%         N/A       100%        4
 Petrify                  Tmut/Erth      0%         N/A       100%        4
 Lightning Bolt           Conj/Air       0%         1d11      100%        5
 Metabolic Englaciation   Hex/Ice        0%         N/A       100%        5
 Yara's Violent Unravell  Hex/Tmut       0%         3d3       100%        5


Dungeon Overview and Level Annotations

Branches:
Dungeon (6/15)             Temple (0/1) D:4

Annotations:
D:6 Duvessa


Innate Abilities, Weirdness & Mutations

Your attributes grow dramatically as you level up.
You have an increased reservoir of magic. (+10% MP)
You shall have no god before yourself.


Message History

You barely miss Dowan. Your punch misses Dowan.
Dowan is almost dead.
Dowan barely misses you.
You miss Dowan. Your punch misses Dowan.
Dowan is almost dead.
You barely miss Dowan.
Dowan is almost dead.
Dowan casts a spell at you.
You easily resist.
You hit Dowan.
You kill Dowan!
You hear a distant scream of rage.
You swing at nothing.
Items here: ) [ ††.
Duvessa, Sister of Dowan comes into view.
She is wielding a +1 short sword of draining and wearing a +2 scale mail of willpower.
Duvessa shouts!
Duvessa goes berserk!
Items here: ) [ ††.
You hear a shout!
An ogre comes into view. It is wielding a +0 giant club.
You punch Duvessa!
Duvessa is moderately wounded.
Duvessa hits you with a +1 short sword of draining!!
You feel drained. Duvessa completely misses you.
You barely miss Duvessa. Your punch misses Duvessa.
Duvessa is moderately wounded.
Duvessa hits you with a +1 short sword of draining.
You feel drained.
You hit Duvessa but do no damage.
Duvessa is moderately wounded.
Duvessa barely misses you. Duvessa barely misses you.
Duvessa hits you with a +1 short sword of draining!
You feel drained.
Duvessa hits you with a +1 short sword of draining.
You feel drained.
Duvessa hits you with a +1 short sword of draining!
* * * LOW HITPOINT WARNING * * *
You feel drained.
You die...

................#
##<#.###.........# ..##..#.#
#.........# ........#
####.#.#.## ..#.....#
#.e.#...# #.... ......#O##
#)###..## ##.....
......#..###.#... #
......###.....##e....#.##.#
.......##.....#.@...........
................###.........
..#....##......####.#.......
............................
.........†......##.##.......
......###.#.###..#.# .......
.................#.#######.#
......####.......#......##.#
......####........>.....##.#


You could see Duvessa (berserk) and an ogre.

Vanquished Creatures
  Eustachio (D:6)
  An ogre (D:5)
  A phantom (D:4)
  A scorpion (D:5)
  Dowan (D:6)
  A water moccasin skeleton (D:6)
  A bullfrog zombie (D:6)
  2 jellies (D:5)
  2 hounds
  An orc priest (D:4)
  A centaur skeleton (D:5)
  An iguana (D:6)
  6 orc wizards
  A worker ant (D:4)
  8 gnolls
  7 adders
  2 shadow imps
  An ufetubus (D:5)
  An ooze (D:3)
  6 worms
  A dart slug (D:3)
  3 leopard geckos
  19 orcs
  8 bats
  3 giant cockroaches
  9 goblins
  8 hobgoblins
  9 jackals
  4 quokkas
  2 ball pythons
  5 frilled lizards
  11 kobolds
  10 rats
138 creatures vanquished.

Notes
Turn   | Place    | Note
-------+----------+-------------------------------------------
     0 | D:1      | HoaS the Demigod Gladiator began the quest for the Orb.
     0 | D:1      | Reached XP level 1. HP: 17/17 MP: 3/3
   255 | D:1      | Reached skill level 3 in Unarmed Combat
   464 | D:1      | Reached XP level 2. HP: 22/24 MP: 4/4
  1250 | D:2      | Reached XP level 3. HP: 23/29 MP: 5/5
  1418 | D:2      | Reached skill level 4 in Unarmed Combat
  2167 | D:3      | Reached XP level 4. HP: 27/36 MP: 6/6
  2737 | D:3      | Reached skill level 5 in Unarmed Combat
  3207 | D:2      | Reached XP level 5. HP: 21/41 MP: 7/7
  4266 | D:4      | Reached skill level 6 in Unarmed Combat
  4755 | D:4      | Found a staircase to the Ecumenical Temple.
  4815 | D:4      | Reached XP level 6. HP: 46/48 MP: 8/8
  5815 | D:5      | Entered Level 5 of the Dungeon
  5893 | D:5      | Reached skill level 7 in Unarmed Combat
  6091 | D:5      | Identified the +1 scale mail of Tulips {Harm Will+ Int-5
                  | Stlth+}
  6249 | D:5      | Reached XP level 7. HP: 42/53 MP: 9/9
  6727 | D:5      | Reached skill level 8 in Unarmed Combat
  7414 | D:6      | Noticed Eustachio
  7423 | D:6      | Killed Eustachio
  7424 | D:6      | Reached skill level 9 in Unarmed Combat
  7474 | D:6      | Reached skill level 1 in Armour
  7547 | D:6      | Noticed Dowan
  7585 | D:6      | Killed Dowan
  7591 | D:6      | Noticed Duvessa
  7606 | D:6      | HP: 2/50 [Duvessa/+1 short sword of draining (16)]
  7606 | D:6      | Slain by Duvessa

Illustrated notes

Levels and vault maps discovered:
D:1:      psy_arrival_spokes, layout_loops_cross, minivault_19,
          kennysheep_minor_cross, amcnicky_mini_corridor_feature
D:2:      minmay_spotlight, layout_basic
D:3:      layout_loops_ring, serial_rivers, chequers_serial_rivers_room_a,
          chequers_serial_rivers_large_b, chequers_serial_rivers_micro_a,
          chequers_serial_rivers_micro_a, minmay_goblin_kobold_house
D:4:      layout_cave_pools, minmay_temple_entry_fiery, tgw_xom
D:5:      layout_layer_cave, kennysheep_small_circle
D:6:      layout_rooms, old_standard_altar, uniq_duvessa, uniq_eustachio

Skill      XL: |  1  2  3  4  5  6  7 |
---------------+----------------------+-----
Unarmed Combat | 3 4 5 6 7 9 |  9.0
Fighting       | 2 |  2.4
Armour         | 1 |  1.3
Dodging        | 3 |  3.0
Throwing       | |  1.7

Action                   |  1- 3 |  4- 6 |  7- 9 || total
-------------------------+-------+-------+-------++-------
Melee: Unarmed           |   193 |   306 |    73 ||   572
       Punch             |     5 |    13 |     3 ||    21
Throw: Throwing net      |       |     2 |       ||     2
       Dart              |       |       |     8 ||     8
  Use: Scroll            |     4 |     3 |     2 ||     9
 Stab: Held in net/web   |       |     1 |       ||     1
Armor: Leather armour    |    19 |       |       ||    19
       Chain mail        |    55 |   135 |    21 ||   211
       Skin              |       |     1 |       ||     1
Dodge: Dodged            |    81 |   112 |    37 ||   230

Table legend: (Time is in decaauts)
 A = Elapsed time spent in this place.
 B = Non-inter-level travel time spent in this place.
 C = Inter-level travel time spent in this place.
 D = Time resting spent in this place.
 E = Time spent auto-exploring this place.
 F = Levels seen in this place.
 G = Mean time per level.
                   A        B        C        D        E       F      G
               +--------+--------+--------+--------+--------+-----+--------+
         Total |   7575 |   7375 |    200 |   2731 |   3395 |   6 | 1262.5 |
       Dungeon |   7575 |   7375 |    200 |   2731 |   3395 |   6 | 1262.5 |
               +--------+--------+--------+--------+--------+-----+--------+

Top non-repeatable levels by time:
     D:3: 2594 daAuts
     D:5: 1479 daAuts
     D:2: 1205 daAuts
     D:1: 1092 daAuts
     D:4: 913 daAuts
     D:6: 290 daAuts
